AoeStats
← KaLong

Nomad

508282357Analyzed
4v4 RM · 11d ago on Sep 21, 2026· 44m 6s· 8 players
Game mode
Random Map
Map size
231×231
Population
200
Speed
Normal
Resources
Standard
Victory
Conquest
Starting age
Dark Age
Ending age
Imperial Age
RankedLock teamsTeams togetherTeam positionsShared explorationLock speedFull tech treeHidden civsTurbo modeCheats
Victory
Defeat
🇭🇰 Spanish · Hong Kong SAR China
1576
+15
🇲🇽 Dravidians · Mexico
1547
+16
🇷🇺 Persians · Russia
1475
+19
🇺🇸 Romans · United States
1458
+20
🇻🇳 Burgundians · Vietnam
1569
-18
🇧🇪 Britons · Belgium
1557
-18
🇳🇱 Persians · Netherlands
1541
-17
🇳🇱 Malians · Netherlands
1523
-17
eloysuarez93
5:01 Loom
12:24 Feudal Age
20:57 Castle Age
18:56 Double-Bit Axe
19:33 Fishing Lines
22:04 Fletching
25:13 Wheelbarrow
26:02 Gillnets
26:34 Horse Collar
27:51 Bow Saw
28:13 Heavy Plow
30:13 Bodkin Arrow
30:36 Stone Mining
31:29 Hand Cart
35:23 Imperial Age
33:00 Thumb Ring
32:58 Padded Archer Armor
33:56 Gold Mining
34:21 Husbandry
35:10 Ballistics
35:08 Leather Archer Armor
35:41 Medical Corps
35:48 Town Watch
36:10 Bracer
37:12 Chemistry
36:50 Conscription
36:29 Elite Skirmisher
38:46 Ring Archer Armor
38:38 Masonry
40:43 Wootz Steel
40:19 Elite Elephant Archer
43:24 Hoardings
KaLong
4:30 Loom
12:30 Feudal Age
14:36 Double-Bit Axe
16:41 Fletching
21:38 Wheelbarrow
25:37 Castle Age
26:37 Bodkin Arrow
27:03 Bow Saw
29:25 Ballistics
44:16 Ballistas
Morris=w=
4:58 Loom
14:09 Feudal Age
17:53 Castle Age
15:56 Fishing Lines
16:36 Double-Bit Axe
20:02 Bow Saw
23:28 Town Watch
23:58 Padded Archer Armor
26:07 Gold Mining
32:57 Stone Mining
34:34 Husbandry
34:44 Bloodlines
35:54 Wheelbarrow
36:13 Bloodlines
36:22 Horse Collar
39:59 Imperial Age
39:19 Hand Cart
39:46 Heavy Plow
40:04 Cavalier
41:06 Conscription
40:20 Capped Ram
41:11 Scale Barding Armor
41:17 Forging
42:18 Chain Barding Armor
41:38 Siege Ram
41:50 Paladin
43:20 Iron Casting
44:21 Plate Barding Armor
Welldone
3:20 Loom
14:18 Feudal Age
15:09 Double-Bit Axe
18:52 Gold Mining
19:00 Fishing Lines
22:29 Castle Age
29:05 Fletching
30:40 Bodkin Arrow
37:21 Wheelbarrow
39:40 Gillnets
41:26 Stone Mining
The Flying Dutch Saucer
5:14 Loom
11:52 Feudal Age
12:18 Double-Bit Axe
22:46 Castle Age
20:49 Horse Collar
21:27 Forging
22:25 Stone Mining
23:45 Bow Saw
23:20 Horse Collar
23:43 Squires
24:58 Heavy Plow
28:17 Scale Mail Armor
33:37 Wheelbarrow
37:51 Imperial Age
36:42 Arson
37:25 Hand Cart
39:40 Chemistry
39:55 Fletching
40:13 Scale Barding Armor
40:43 Iron Casting
42:00 Heavy Camel Rider
thanh7531
2:53 Loom
11:13 Wheelbarrow
13:50 Feudal Age
18:17 Castle Age
17:29 Double-Bit Axe
19:35 Bow Saw
20:15 Hand Cart
20:42 Town Watch
38:56 Imperial Age
43:23 Forging
43:34 Husbandry
43:33 Horse Collar
flem.TheLastBender
5:14 Loom
12:43 Feudal Age
16:24 Castle Age
15:41 Fishing Lines
16:03 Fletching
18:23 Fletching
18:41 Double-Bit Axe
19:35 Bodkin Arrow
20:03 Padded Archer Armor
26:45 Wheelbarrow
25:55 Town Watch
25:55 Horse Collar
26:31 Bow Saw
27:00 Scale Mail Armor
27:17 Leather Archer Armor
28:56 Ballistics
28:41 Siphons
31:44 Yeomen
32:12 Heavy Plow
32:02 Gold Mining
35:16 Imperial Age
34:04 Stone Mining
36:05 Bracer
37:07 Chemistry
36:19 Masonry
37:44 Conscription
39:11 Ring Archer Armor
38:32 Elite Skirmisher
bosaap12
3:12 Loom
14:12 Feudal Age
17:48 Castle Age
Connection lost

Rejoining the realm…

Still unreachable

The connection could not be restored.

Session expired

The server has moved on; the page needs a fresh start.